 Dungeon Crawl Stone Soup version 0.29.1-15-g9cfb28693d (webtiles) character file.

Game seed: 1836181259901479743

1097 croobank the Firebug (level 8, -1/57 HPs)
             Began as a Demonspawn Fire Elementalist on Apr 28, 2023.
             Slain by a vampire mosquito (5 damage)
             ... on level 5 of the Dungeon.
             The game lasted 00:12:10 (5855 turns).

croobank the Firebug (Demonspawn Fire Elementalist) Turns: 5855, Time: 00:12:11

Health: -1/57      AC:  5    Str: 13    XL:     8   Next: 10%
Magic:  11/13      EV: 13    Int: 20    God:
Gold:   161        SH:  0    Dex: 13    Spells: 11/14 levels left

rFire   . . .      SeeInvis .   a - +1 dagger
rCold   . . .      Faith    .   (no shield)
rNeg    . . .      Spirit   .   v - +1 robe of Cowardice {Str+5}
rPois   .          Reflect  .   (helmet restricted)
rElec   .          Harm     .   (no cloak)
rCorr   .          Rampage  .   (no gloves)
Will    .....                   r - +0 pair of boots
Stlth   ++........              (no amulet)
HPRegen 0.19/turn               h - +4 ring of slaying
MPRegen 0.13/turn               (no ring)

@: no status effects
A: antennae 2, demonic guardian 1, powered by death 1, sharp scales 1
a: no special abilities


You were on level 5 of the Dungeon.
You visited 1 branch of the dungeon, and saw 5 of its levels.
You also visited: Ossuary.

You collected 161 gold pieces.

Inventory:

Hand Weapons
 a - a +1 dagger (weapon)
 i - a +0 trident
 l - a +0 hand axe
 n - a +0 long sword
 o - a +0 shortbow
Armour
 g - a +1 leather armour
 r - a +0 pair of boots (worn)
 v - the +1 robe of Cowardice (worn) {Str+5}
   (You found it on level 4 of the Dungeon)

   Str:       It affects your strength (+5).
Jewellery
 h - a +4 ring of slaying (left hand)
 q - a ring of ice
Wands
 j - a wand of digging (3)
Scrolls
 k - 3 scrolls of enchant weapon
 p - a scroll of enchant armour
 s - a scroll of identify
 t - 2 scrolls of teleportation
Potions
 b - a potion of mutation
 c - a potion of attraction
 d - 2 potions of curing
 e - 2 potions of might
 f - a potion of berserk rage
 m - 4 potions of flight
 u - 2 potions of heal wounds


   Skills:
 + Level 2.8 Fighting
 * Level 4.0 Armour
 + Level 3.4 Dodging
 + Level 3.7 Stealth
 + Level 3.7 Spellcasting
 + Level 3.5 Conjurations
 + Level 4.0 Fire Magic


You had 11 spell levels left.
You knew the following spells:

 Your Spells              Type           Power      Damage    Failure   Level
a - Foxfire               Conj/Fire      76%        2x1d7     2%          1
b - Scorch                Fire           40%        2d7       3%          2

Your spell library contained the following spells:

 Spells                   Type           Power      Damage    Failure   Level
 Conjure Flame            Conj/Fire      19%        6-21      9%          3
 Inner Flame              Hex/Fire       11%        N/A       17%         3
 Flame Wave               Conj/Fire      19%        2d7       26%         4
 Vampiric Draining        Necr           3%         2d6       36%         3
 Petrify                  Tmut/Erth      3%         N/A       78%         4
 Borgnjor's Vile Clutch   Necr/Erth      1%         N/A       98%         5
 Metabolic Englaciation   Hex/Ice        1%         N/A       98%         5
 Statue Form              Tmut/Erth      2%         N/A       100%        6
 Necromutation            Tmut/Necr      1%         N/A       100%        8


Dungeon Overview and Level Annotations

Branches:
Dungeon (5/15)            Ossuary (visited)
 Temple: D:4-7

Altars:


Innate Abilities, Weirdness & Mutations

You have a pair of antennae on your head.
A weak demonic guardian rushes to your aid.
You regenerate a little health from kills.
You are partially covered in razor-sharp scales. (AC +1, Slay +1)


Message History

The hound is heavily wounded.
The hound's fire resistance burns away.
The centaur barely misses you. The centaur kicks you. The hound bites you.
The vampire mosquito bites you.
The vampire mosquito draws strength from your injuries!
A vampire mosquito comes into view.
The centaur hits you. The centaur barely misses you.
You closely miss the centaur.
The centaur is moderately wounded.
The vampire mosquito bites you but does no damage.
The hound bites you but does no damage.
The centaur hits you but does no damage.
The centaur kicks you but does no damage.
The vampire mosquito closely misses you.
The hound bites you.
You hit the centaur.
The centaur is moderately wounded.
The centaur misses you. The centaur kicks you.
The vampire mosquito barely misses you. The hound bites you but does no damage.
The centaur hits you. The centaur barely misses you.
The vampire mosquito bites you!
The vampire mosquito draws strength from your injuries!
You hit the centaur but do no damage.
The centaur is moderately wounded.
The hound closely misses you. The vampire mosquito misses you.
The centaur hits you but does no damage.
The centaur kicks you. The vampire mosquito bites you!
* * * LOW HITPOINT WARNING * * *
The vampire mosquito draws strength from your injuries!
The vampire mosquito bites you!
* * * LOW HITPOINT WARNING * * *
A demonic guardian appears!
The vampire mosquito draws strength from your injuries!
The hound barely misses you.
You hit the centaur.
The centaur is severely wounded.
The centaur hits you.
* * * LOW HITPOINT WARNING * * *
The centaur kicks you but does no damage.
The vampire mosquito barely misses you. The vampire mosquito bites you.
You die...

.... ... ... ...
{ #######.#####
#........5..####
#......ycy......
#.......@h..##
#............#..
#........$......
#............>..
##†#####.##.....
#.# #........
#.# #########
#.#####.#
#.......#


You could see 2 vampire mosquitoes, a centaur (ally target), a hound
(combustible) and a friendly iron imp (summoned).

Vanquished Creatures
  A centaur (D:4)
  A phantom (D:4)
  5 elf zombies (Ossuary)
  A scorpion (D:5)
  4 centaur zombies (Ossuary)
  A jelly (D:4)
  2 hounds (D:4)
  3 human zombies (Ossuary)
  2 iguanas (D:4)
  2 orc wizards (D:4)
  2 mummies (Ossuary)
  4 adders
  2 ufetubi (D:3)
  3 worms
  2 dart slugs
  6 orcs
  3 endoplasms (D:2)
  4 giant cockroaches
  8 goblins
  4 hobgoblins
  3 quokkas
  4 ball pythons
  5 bats
  2 frilled lizards
  5 kobolds
  7 rats
86 creatures vanquished.

Vanquished Creatures (collateral kills)
  A mummy (Ossuary)
1 creature vanquished.

Vanquished Creatures (others)
  169 foxfires
169 creatures vanquished.

Grand Total: 256 creatures vanquished

Notes
Turn   | Place    | Note
-------+----------+-------------------------------------------
     0 | D:1      | croobank the Demonspawn Fire Elementalist began the quest
                  | for the Orb.
     0 | D:1      | Reached XP level 1. HP: 13/13 MP: 3/3
   691 | D:1      | Gained mutation: A weak demonic guardian rushes to your
                  | aid. [demonic ancestry]
   691 | D:1      | Reached XP level 2. HP: 19/19 MP: 3/5
  1054 | D:2      | Learned a level 2 spell: Scorch
  1490 | D:2      | Got the Dissertation on Despicable Rites
  1675 | D:2      | Reached XP level 3. HP: 24/24 MP: 1/6
  2005 | D:2      | Reached skill level 1 in Armour
  2580 | D:2      | Gained mutation: You regenerate a little health from kills.
                  | [demonic ancestry]
  2580 | D:2      | Reached XP level 4. HP: 31/31 MP: 4/7
  3686 | D:4      | Noticed a centaur
  3693 | D:4      | Killed a centaur
  3694 | D:4      | Reached skill level 1 in Fighting
  3694 | D:4      | Gained mutation: You have a pair of small antennae on your
                  | head. [demonic ancestry]
  3694 | D:4      | Reached XP level 5. HP: 30/37 MP: 1/9
  3827 | D:4      | Reached XP level 6. HP: 43/43 MP: 7/10
  3864 | D:4      | Found a sand-covered staircase.
  3869 | Ossuary  | Entered an ossuary
  4268 | Ossuary  | Gained mutation: You have a pair of antennae on your head.
                  | [demonic ancestry]
  4268 | Ossuary  | Reached XP level 7. HP: 42/50 MP: 2/11
  5522 | D:4      | Gained mutation: You are partially covered in razor-sharp
                  | scales. (AC +1, Slay +1) [demonic ancestry]
  5522 | D:4      | Reached XP level 8. HP: 57/57 MP: 6/13
  5650 | D:4      | Identified the +1 robe of Cowardice {Str+5}
  5764 | D:5      | Entered Level 5 of the Dungeon
  5855 | D:5      | Slain by a vampire mosquito

Illustrated notes

Levels and vault maps discovered:
D:1:      dpeg_arrival_shelter, layout_basic
D:2:      layout_basic, fountainhead
D:3:      layout_loops_cross
D:4:      layout_loops_cross, enter_ossuary_2
D:5:      layout_basic, mainiacjoe_overflow_alcove_2, minmay_temple_entry_trees,
          nrook_loot_triangle

Skill      XL: |  1  2  3  4  5  6  7  8 |
---------------+-------------------------+-----
Stealth        | 2 3 |  3.7
Dodging        | 2 3 |  3.4
Armour         | 1 2 3 4 |  4.0
Fire Magic     | 3 4 |  4.0
Conjurations   | 2 3 |  3.5
Fighting       | 1 2 |  2.8
Spellcasting   | 3 |  3.7

Action                   |  1- 3 |  4- 6 |  7- 9 || total
-------------------------+-------+-------+-------++-------
Melee: Unarmed           |     3 |       |       ||     3
       Dagger            |     9 |    50 |    84 ||   143
 Cast: Foxfire           |    47 |    36 |    18 ||   101
       Scorch            |    11 |    21 |    31 ||    63
  Use: Potion            |     1 |     1 |       ||     2
       Scroll            |       |    13 |       ||    13
 Stab: Sleeping          |     1 |       |     2 ||     3
Armor: Robe              |     1 |       |     7 ||     8
       Leather armour    |     6 |    30 |    17 ||    53
Dodge: Dodged            |    14 |    59 |    57 ||   130
